Map: Odyssey LE

Players

Scarlett

  • Race: Zerg Zerg
  • League: Master
  • Spawn Location: 5:00

SpeCial - Winner!

  • Race: Terran Terran
  • League: Master
  • Spawn Location: 11:00

VOD

Have the link to the VOD?

Description

Time

  • Played on: Dec. 24, 2017, 10:30 p.m.
  • Length: 8:16
Show
View Real Time Build Order
Export as new Build Order

Scarlett Zerg 

Build Orders: Hatch First 

Get SALT Encoding   

  12  0:00  Drone  
  13  0:12  Overlord  
  13  0:16  Drone  
  14  0:30  Drone x2  
  16  0:36  Drone  
  17  0:52  Hatchery  
  17  0:55  Drone  
  17  0:58  Drone  
  18  1:05  Extractor  
  17  1:12  Spawning Pool  
  17  1:15  Drone  
  17  1:18  Drone  
  18  1:28  Drone  
  19  1:38  Overlord  
  19  1:50  Drone  
  20  1:59  Queen  
  20  2:00  Zergling x2  
  23  2:04  Queen  
  23  2:05  Metabolic Boost, Zergling x2  
  26  2:11  Drone  
  27  2:16  Drone  
  27  2:22  Drone  
  29  2:27  Drone  
  30  2:33  Drone  
  31  2:37  Drone  
  31  2:39  Queen  
  31  2:43  Queen  
  35  2:44  Overlord  
  35  3:02  Zergling x6  
  35  3:04  Drone  
  39  3:10  Overlord, Drone x2  
  41  3:16  Drone x2  
  43  3:26  Hatchery  
  42  3:30  Roach Warren, Drone  
  42  3:33  Extractor  
  41  3:36  Drone x2  
  41  3:40  Extractor  
  42  3:42  Drone x2  
  42  3:44  Drone  
  42  3:45  Drone  
  46  3:50  Overlord  
  46  3:55  Drone  
  47  4:00  Overlord  
  47  4:01  Drone x2  
  49  4:06  Pneumatized Carapace  
  49  4:11  Roach x2  
  49  4:13  Drone  
  49  4:15  Drone  
  56  4:17  Drone  
  56  4:19  Drone  
  56  4:21  Drone  
  58  4:25  Extractor  
  58  4:30  Lair  
  57  4:31  Evolution Chamber  
  57  4:33  Drone  
  57  4:34  Drone  
  57  4:36  Drone  
  57  4:38  Drone  
  60  4:41  Overlord  
  60  4:44  Roach  
  62  4:47  Ravager x2  
  62  4:52  Roach x2  
  68  4:57  Roach  
  68  4:58  Overlord  
  70  5:01  Overlord  
  67  5:18  Roach x6  
  77  5:22  Queen  
  79  5:36  Overseer  
  79  5:42  Spore Crawler  
  78  5:48  Roach  
  80  5:50  Ravager x4  
  80  5:51  Ravager x3, Overlord x2  
  80  5:53  Ravager, Zergling x2  
  80  5:54  Zergling x10  
  94  5:58  Queen  
  94  6:00  Drone  
  94  6:03  Overlord  
  97  6:13  Ravager x3  
  97  6:17  Drone  
  101  6:27  Roach  
  101  6:28  Roach x4  
  84  6:52  Drone x5  
  73  7:01  Queen x2  
  73  7:04  Hatchery  
  73  7:07  Evolution Chamber  
  72  7:10  Roach  
  72  7:11  Roach  
  72  7:14  Overseer  
  76  7:20  Spore Crawler  
  75  7:23  Ravager x4  
  75  7:26  Spore Crawler  
  78  7:43  Roach x3  
  82  7:46  Ravager  
Show
View Real Time Build Order
Export as new Build Order

SpeCial Terran - Winner!

Build Orders: Liberator Opening, Reaper Expand 

Get SALT Encoding   

  12  0:00  SCV  
  13  0:12  SCV  
  14  0:18  Supply Depot  
  14  0:25  SCV  
  15  0:39  SCV  
  15  0:41  Barracks  
  16  0:47  Refinery  
  16  0:51  SCV  
  17  1:03  SCV  
  18  1:15  SCV  
  19  1:29  Reaper, Orbital Command  
  20  1:39  Command Center  
  20  1:53  Supply Depot  
  20  1:54  SCV  
  21  2:01  Marine  
  21  2:06  Factory  
  22  2:08  SCV  
  22  2:13  Refinery  
  23  2:20  SCV  
  24  2:24  Barracks Reactor  
  24  2:32  SCV  
  25  2:45  SCV  
  26  2:52  Starport, Orbital Command  
  26  2:57  SCV  
  27  3:06  Hellion x2  
  27  3:09  SCV  
  27  3:10  Barracks Tech Lab  
  32  3:18  Liberator  
  32  3:20  SCV  
  32  3:21  SCV  
  32  3:26  Supply Depot  
  34  3:28  Hellion x2  
  34  3:32  SCV  
  34  3:33  SCV  
  43  3:44  SCV  
  43  3:47  SCV, Armory  
  45  3:48  Supply Depot  
  45  3:56  Hellion x2, SCV  
  45  4:01  SCV  
  51  4:08  SCV  
  52  4:11  Supply Depot  
  52  4:13  SCV  
  52  4:14  Cloaking Field  
  53  4:19  Hellion x2  
  53  4:20  SCV  
  53  4:23  Banshee  
  61  4:25  SCV  
  62  4:33  Supply Depot, SCV  
  62  4:37  SCV  
  64  4:40  Hellion x2  
  64  4:45  SCV  
  69  4:49  SCV  
  70  4:53  Command Center  
  70  5:02  Factory  
  70  5:03  Refinery  
  70  5:04  Refinery  
  70  5:06  SCV  
  71  5:12  Banshee  
  70  5:14  SCV  
  70  5:17  Hellion x2  
  70  5:20  Barracks Reactor  
  73  5:21  SCV  
  73  5:26  SCV  
  71  5:33  SCV  
  66  5:38  SCV  
  66  5:39  Cyclone x2  
  73  5:46  SCV  
  73  5:47  Supply Depot x2  
  73  5:48  Supply Depot  
  74  5:52  Supply Depot  
  74  5:53  SCV  
  74  5:54  Bunker  
  75  5:58  SCV  
  76  6:05  Cyclone x2  
  76  6:08  Orbital Command  
  76  6:09  Banshee  
  85  6:13  Cyclone  
  88  6:18  Supply Depot  
  88  6:20  Marine  
  89  6:26  Orbital Command  
  89  6:27  Orbital Command  
  89  6:28  Cyclone  
  92  6:37  Cyclone  
  92  6:38  Marine  
  90  6:40  SCV  
  80  6:48  Cyclone  
  80  6:52  SCV  
  76  6:56  Marine  
  69  7:02  SCV  
  69  7:05  SCV  
  71  7:15  SCV  
  72  7:17  SCV  
  74  7:22  SCV  
  74  7:24  Cyclone  
  74  7:27  SCV  
  74  7:29  SCV  
  79  7:32  Cyclone x2  
  79  7:35  SCV  
  86  7:39  SCV  
  86  7:41  SCV  
  88  7:47  SCV  
  88  7:51  SCV  
  87  7:53  SCV  
  86  7:59  SCV  
  86  8:03  SCV  
Tags
 
Add a new tag
Caveats
  • Supply blocks, unpowered buildings, or Contaminate may cause inaccurate times.
  • Supply counts are checked every 10 seconds.